 Dungeon Crawl Stone Soup version 0.28-a0-1567-g1695149f81 (webtiles) character file.

Game seed: 7059722798883082252

185771 voltaire321 the Spry (level 17, -13/103 HPs)
             Began as a Deep Elf Earth Elementalist on Jan 19, 2022.
             Was an Elder of Sif Muna.
             Killed from afar by a shock serpent (33 damage)
             ... with a bolt of electricity
             ... on level 4 of the Snake Pit on Jan 20, 2022.
             The game lasted 02:38:01 (52805 turns).

voltaire321 the Spry (Deep Elf Earth Elementalist) Turns: 52805, Time: 02:38:02

Health: -13/103    AC: 16    Str:  7    XL:     17   Next: 82%
Magic:  10/38      EV: 16    Int: 27    God:    Sif Muna [****..]
Gold:   1462       SH:  0    Dex: 15    Spells: 7/46 levels left

rFire   + . .      SeeInvis +   s - staff of earth
rCold   + . .      Faith    .   (no shield)
rNeg    + . .      Spirit   .   K - +2 ring mail of Jasmoabo {rN+ SInv}
rPois   +          Reflect  .   a - +2 hat
rElec   .          Harm     .   S - scarf {rC+ rF+}
rCorr   .          Rampage  .   B - +2 pair of gloves
Will    +....                   l - +2 pair of boots
Stlth   +.........              P - amulet of magic regeneration
HPRegen 0.27/turn               u - ring of wizardry
MPRegen 0.66/turn               p - ring of poison resistance

@: no status effects
A: no striking features
a: Renounce Religion, Channel Magic, Forget Spell, Divine Exegesis


You were on level 4 of the Snake Pit.
You worshipped Sif Muna.
Sif Muna was greatly pleased with you.
You visited 6 branches of the dungeon, and saw 29 of its levels.
You also visited: Bailey and Volcano.

You collected 2822 gold pieces.
You spent 1360 gold pieces at shops.

Inventory:

Hand Weapons
 k - the +5 dagger of Grandeur {drain, *Noise +Blink rElec Dex-4}
   (You found it on level 9 of the Dungeon)

   A truly terrible weapon, it drains the life of any living foe it strikes.
   Dex:       It affects your dexterity (-4).
   rElec:     It insulates you from electricity.
   +Blink:    It lets you blink.
   *Noise:    It may make noises in combat.
Missiles
 j - 496 stones (quivered)
 m - 5 throwing nets
 I - 7 curare-tipped darts
Armour
 a - a +2 hat (worn)
 f - a +2 leather armour of cold resistance
 l - a +2 pair of boots (worn)
 B - a +2 pair of gloves (worn)
 G - +0 acid dragon scales
 K - the +2 ring mail of Jasmoabo (worn) {rN+ SInv}
   (You found it on level 9 of the Dungeon)

   rN:        It protects you from negative energy.
   SInv:      It lets you see invisible.
 M - a +1 ring mail of fire resistance
 S - a scarf of resistance (worn)
Magical Staves
 s - a staff of earth (weapon)
Jewellery
 c - a ring of protection from fire
 p - a ring of poison resistance (right hand)
 q - an amulet of regeneration
 u - a ring of wizardry (left hand)
 L - a ring of willpower
 P - an amulet of magic regeneration (around neck)
Wands
 n - a wand of flame (88)
 x - a wand of paralysis (15)
 y - a wand of polymorph (13)
 A - a wand of charming (17)
 R - a wand of iceblast (5)
 U - a wand of digging (18)
Scrolls
 g - a scroll of brand weapon
 i - 2 scrolls of magic mapping
 w - 5 scrolls of amnesia
 E - 4 scrolls of enchant armour
 F - a scroll of holy word
 N - 2 scrolls of silence
 T - 4 scrolls of enchant weapon
 W - 3 scrolls of identify
Potions
 b - 3 potions of invisibility
 d - 4 potions of might
 e - a potion of degeneration {unknown}
 h - 5 potions of brilliance
 o - 2 potions of mutation
 r - 15 potions of curing
 t - 6 potions of cancellation
 v - 3 potions of ambrosia
 z - 2 potions of resistance
 C - 2 potions of magic
 D - a potion of flight
 H - 3 potions of lignification
 O - a potion of haste
 Q - a potion of heal wounds


   Skills:
 + Level 10.6 Fighting
 - Level 5.0 Armour
 + Level 15.1 Dodging
 - Level 2.4 Stealth
 - Level 15.0 Spellcasting
 + Level 14.0 Conjurations
 - Level 4.0 Transmutations
 - Level 10.0 Fire Magic
 + Level 14.5 Earth Magic
 + Level 13.2 Invocations


You had 7 spell levels left.
You knew the following spells:

 Your Spells              Type           Power      Damage    Failure   Level
a - Sandblast             Erth           100%       2d20      0%          1
b - Passwall              Tmut/Erth      67%        N/A       1%          2
c - Stone Arrow           Conj/Erth      100%       3d13      1%          3
d - Lee's Rapid Deconstr  Erth           49%        3d24*     1%          5
e - Starburst             Conj/Fire      35%        6d10      3%          6
f - Lehudib's Crystal Sp  Conj/Erth      49%        10d12     50%         8
g - Fireball              Conj/Fire      35%        3d15      1%          5
h - Flame Wave            Conj/Fire      71%        2d11      1%          4
i - Lightning Bolt        Conj/Air       27%        1d44      4%          5

Your spell library contained the following spells:

 Spells                   Type           Power      Damage    Failure   Level
 Foxfire                  Conj/Fire      100%       2x1d9     1%          1
 Magic Dart               Conj           100%       1d8       1%          1
 Shock                    Conj/Air       100%       1d9       1%          1
 Sting                    Tmut/Pois      100%       1d8       1%          1
 Scorch                   Fire           100%       2d10      1%          2
 Conjure Flame            Conj/Fire      71%        6-21      1%          3
 Dazzling Flash           Conj/Hex       100%       N/A       1%          3
 Ignite Poison            Fire/Tmut/Pois 45%        N/A       1%          3
 Fulminant Prism          Conj/Hex       27%        3d14      1%          4
 Hailstorm                Conj/Ice       55%        3d12      1%          4
 Iskenderun's Mystic Bla  Conj/Tloc      55%        2d12      1%          4
 Leda's Liquefaction      Hex/Erth       36%        N/A       1%          4
 Petrify                  Tmut/Erth      81%        N/A       1%          4
 Irradiate                Conj/Tmut      31%        3d24      2%          5
 Summon Small Mammal      Summ           80%        N/A       3%          1
 Poisonous Vapours        Pois/Air       40%        N/A       4%          2
 Sublimation of Blood     Necr           20%        N/A       4%          2
 Borgnjor's Vile Clutch   Necr/Erth      36%        N/A       4%          5
 Orb of Destruction       Conj           38%        9d11      9%          7
 Confusing Touch          Hex            20%        N/A       10%         3
 Gell's Gravitas          Tloc           20%        N/A       10%         3
 Lesser Beckoning         Tloc           20%        N/A       10%         3
 Summon Guardian Golem    Hex/Summ       20%        N/A       10%         3
 Swiftness                Air            20%        N/A       10%         3
 Teleport Other           Tloc           20%        N/A       10%         3
 Tukima's Dance           Hex            20%        N/A       10%         3
 Vampiric Draining        Necr           20%        2d7       10%         3
 Airstrike                Air            10%        N/A       30%         4
 Dispel Undead            Necr           20%        3d11      30%         4
 Olgreb's Toxic Radiance  Pois           20%        N/A       30%         4
 Summon Lightning Spire   Summ/Air       20%        N/A       30%         4
 Yara's Violent Unravell  Hex/Tmut       15%        3d8       34%         5
 Excruciating Wounds      Necr           10%        N/A       61%         5
 Summon Cactus Giant      Summ           10%        N/A       99%         6
 Enfeeble                 Hex            10%        N/A       100%        7
 Borgnjor's Revivificati  Necr           10%        N/A       100%        8
 Death's Door             Necr           10%        N/A       100%        9


Dungeon Overview and Level Annotations

Branches:
Dungeon (15/15)            Temple (1/1) D:6            Lair (6/6) D:9
 Shoals (0/4) Lair:3        Snake (4/4) Lair:3        Slime (0/5) Lair:6
    Orc (2/2) D:10            Elf (1/3) Orc:2        Vaults (0/5) D:14
 Depths (0/4) D:15         Bailey (visited)         Volcano (visited)

Altars:
Ashenzari
Cheibriados
Dithmenos
Elyvilon
Fedhas
Gozag
Hepliaklqana
Kikubaaqudgha
Makhleb
Nemelex Xobeh
Okawaru
Qazlal
Ru
Sif Muna
Trog
Uskayaw
Vehumet
Wu Jian
Xom
Yredelemnul
Zin
The Shining One
Beogh

Shops:
D:7 (   D:8 *   D:9 *   D:12 **   D:13 (   Orc:2 *!:[*   Snake:2 *!:[

Annotations:
Elf:1 Jorgrun


Message History

Casting: Stone Arrow (safe; 1% risk of failure)
Confirm with . or Enter, or press ? or * to list all spells.
Aiming: Stone Arrow (safe; 1% risk of failure)
Press: ? - help, Shift-Dir - straight line, f/p - shock serpent
Aim: a shock serpent (moderately wounded, 63% to hit)
You feel a surge of power!
The stone arrow misses the shock serpent.
As you read the scroll of fear, it crumbles to dust.
You assume a fearsome visage.
The shock serpent looks frightened!
You start resting.
A shock serpent is nearby!
Casting: Stone Arrow (safe; 1% risk of failure)
Confirm with . or Enter, or press ? or * to list all spells.
You can't see any susceptible monsters within range! (Use Z to cast anyway.)
Casting: Stone Arrow (safe; 1% risk of failure)
Confirm with . or Enter, or press ? or * to list all spells.
Aiming: Fireball (mildly dangerous; 1% risk of failure)
Press: ? - help, Shift-Dir - straight line, p - shock serpent The fireball explodes!
The fireball engulfs the shock serpent!
The shock serpent is moderately wounded.
Casting: Fireball (mildly dangerous; 1% risk of failure)
Confirm with . or Enter, or press ? or * to list all spells.
Aiming: Stone Arrow (safe; 1% risk of failure)
Press: ? - help, Shift-Dir - straight line, f - shock serpent
Aim: a shock serpent (moderately wounded, 63% to hit)
You feel a surge of power!
The stone arrow hits the shock serpent!
The shock serpent is heavily wounded.
The shock serpent shoots out a bolt of lightning at you!
The bolt of electricity misses you. The bolt of electricity hits you!
* * * LOW HITPOINT WARNING * * *
Casting: Stone Arrow (safe; 1% risk of failure)
Confirm with . or Enter, or press ? or * to list all spells.
Aiming: Stone Arrow (safe; 1% risk of failure)
Press: ? - help, Shift-Dir - straight line, f/p - shock serpent
Aim: a shock serpent (heavily wounded, 63% to hit)
You feel a surge of power!
The stone arrow hits the shock serpent!
The shock serpent is severely wounded.
The shock serpent shoots out a bolt of lightning at you!
The bolt of electricity hits you!!
You die...

#### ###..#####
########.........
##.............###
#@..S......#####
#######..### ####


You could see a shock serpent.

Vanquished Creatures
  Kirke (D:14)
  2 nagarajas (Snake:3)
  A red draconian (Volcano)
  A fire dragon (D:15)
  An ice dragon (D:15)
  Erolcha (D:13)
  8 naga warriors
  Harold (Orc:1)
  2 vault guards
  A rakshasa (D:15)
  18 hydras
  7 boulder beetles
  2 catoblepae
  A death knight (D:15)
  8 centaur warriors
  4 anacondas
  5 two-headed ogres
  9 death yaks
  A tengu warrior (D:14)
  2 shock serpents (Snake:2)
  3 orc high priests (Orc:2)
  3 naga sharpshooters
  5 skeletal warriors
  3 salamander mystics
  Pikel (D:6)
  A phantasmal warrior (D:15)
  A lindwurm (Lair:6)
  A deep elf zephyrmancer (Elf:1)
  A wizard (D:14)
  8 orc knights
  5 deep elf pyromancers
  6 naga ritualists
  5 orc sorcerers
  8 ugly things
  8 cyclopes
  6 mana vipers
  8 manticores
  An elephant (shapeshifter) (D:12)
  A merfolk siren (Lair:3)
  7 salamanders
  A salamander (shapeshifter) (D:13)
  30 elephants
  3 guardian serpents
  11 naga magi
  3 torpor snails
  2 molten gargoyles (Volcano)
  27 black mambas
  2 cane toads (shapeshifter)
  2 gargoyles
  A komodo dragon (shapeshifter) (D:14)
  16 cane toads
  2 freezing wraiths
  4 unseen horrors
  4 rime drakes
  3 efreet
  2 yaktaurs
  13 komodo dragons
  6 trolls
  A meliai (shapeshifter) (D:11)
  3 polar bears
  8 slime creatures
  A hornet (D:9)
  3 dream sheep (Lair:6)
  13 blink frogs
  6 spriggans (Bailey)
  Sigmund (D:4)
  5 wraiths
  4 vampires (D:12)
  2 shadows
  4 wyverns
  33 yaks
  2 fire bats (Volcano)
  Eustachio (D:4)
  7 vampire mosquitoes
  A steam dragon (D:8)
  4 basilisks
  7 hogs (D:14)
  8 wargs
  23 water moccasins
  30 nagas
  3 acid dragons
  2 ice beasts
  3 black bears
  24 orc warriors
  2 necrophages
  3 sky beasts
  14 ogres
  18 wolves
  2 phantoms (D:10)
  11 centaurs
  4 kobold brigands
  4 lemures (D:6)
  2 gnoll sergeants
  2 scorpions
  15 bullfrogs
  A troll zombie (D:10)
  9 killer bees (D:10)
  20 wights
  9 howler monkeys
  3 electric eels (Lair:4)
  A lava snake (Volcano)
  5 jellies
  Crazy Yiuf (D:4)
  5 centaur zombies
  A jelly (shapeshifter) (D:12)
  13 orc priests
  A hound (D:6)
  A bullfrog skeleton (D:6)
  3 iguanas
  20 orc wizards
  A hell rat (Lair:6)
  3 killer bee zombies
  5 ogre zombies (D:10)
  A howler monkey zombie (D:9)
  8 gnolls
  5 adders
  A shadow imp (D:5)
  A white imp (D:6)
  3 adder skeletons (D:4)
  A worm (D:2)
  2 dart slugs (D:2)
  61 orcs
  6 ball pythons
  6 bats
  6 endoplasms
  8 goblins
  9 hobgoblins
  3 quokkas
  7 frilled lizards
  2 goblin skeletons (D:10)
  A goblin zombie (D:10)
  2 hobgoblin zombies (D:10)
  18 kobolds
  2 orc skeletons (D:10)
  12 orc zombies (D:10)
  A quokka skeleton (D:4)
  5 rats
839 creatures vanquished.

Vanquished Creatures (others)
  A bush (Lair:5)
  36 fungi
  101 plants
138 creatures vanquished.

Grand Total: 977 creatures vanquished

Notes
Turn   | Place    | Note
-------+----------+-------------------------------------------
     0 | D:1      | voltaire321 the Deep Elf Earth Elementalist began the quest
                  | for the Orb.
     0 | D:1      | Reached XP level 1. HP: 10/10 MP: 6/6
   193 | D:1      | Reached XP level 2. HP: 16/16 MP: 6/8
   396 | D:1      | Found a faded altar of an unknown god.
   830 | D:1      | Learned a level 2 spell: Passwall
  1159 | D:2      | Reached XP level 3. HP: 13/20 MP: 10/10
  1205 | D:2      | HP: 1/20 [frozen (3)]
  1234 | D:2      | HP: 1/20 [frozen (1)]
  1670 | D:2      | Reached skill level 1 in Fighting
  1763 | D:2      | Learned a level 3 spell: Stone Arrow
  2317 | D:3      | Reached XP level 4. HP: 25/25 MP: 11/11
  3315 | D:3      | Found a shadowy altar of Dithmenos.
  3373 | D:3      | Reached skill level 1 in Conjurations
  3544 | D:4      | Noticed Sigmund
  3649 | D:4      | Found a white marble altar of Elyvilon.
  3731 | D:4      | Noticed a black bear
  3984 | D:4      | Reached XP level 5. HP: 30/30 MP: 10/13
  4015 | D:4      | Noticed a sky beast
  4027 | D:4      | Killed a sky beast
  4252 | D:4      | Noticed an ice beast
  4266 | D:4      | Killed an ice beast
  4267 | D:4      | Reached XP level 6. HP: 21/35 MP: 1/15
  4466 | D:4      | Reached skill level 5 in Spellcasting
  4758 | D:4      | Killed Sigmund
  4759 | D:4      | Reached skill level 5 in Earth Magic
  4759 | D:4      | Reached XP level 7. HP: 34/40 MP: 3/17
  4866 | D:4      | Noticed Eustachio
  4874 | D:4      | Killed Eustachio
  4875 | D:4      | Reached skill level 5 in Dodging
  5015 | D:4      | Found a shimmering blue altar of Sif Muna.
  5023 | D:4      | Became a worshipper of Sif Muna the Loreminder
  5210 | D:4      | Found a runed translucent door.
  5211 | D:4      | Noticed Crazy Yiuf
  5215 | D:4      | Killed Crazy Yiuf
  5382 | D:5      | Entered Level 5 of the Dungeon
  5532 | D:5      | Reached skill level 1 in Invocations
  5832 | D:5      | Reached XP level 8. HP: 46/46 MP: 12/19
  6411 | D:6      | Found a staircase to the Ecumenical Temple.
  6649 | D:6      | Found a sacrificial altar of Ru.
  7102 | D:6      | Found a hazy altar of Hepliaklqana.
  7118 | D:6      | Noticed Pikel
  7263 | D:6      | Killed Pikel
  7264 | D:6      | Reached skill level 5 in Conjurations
  7264 | D:6      | Reached XP level 9. HP: 44/52 MP: 5/22
  7739 | Temple   | Entered the Ecumenical Temple
  8002 | D:7      | Found Zarayrch's Antique Weapon Emporium.
  8120 | D:7      | Reached * piety under Sif Muna
  9247 | D:8      | Found a stormy altar of Qazlal.
  9441 | D:8      | Reached skill level 5 in Invocations
 10009 | D:8      | Found Ushiur's Assorted Antiques.
 10141 | D:8      | Bought 3 scrolls labelled PAWNAE OHEF for 72 gold pieces
 10214 | D:8      | Bought a dented fluorescent amulet for 120 gold pieces
 10322 | D:9      | Identified the +5 dagger of Grandeur {drain, *Noise +Blink
                  | rElec Dex-4}
 10359 | D:9      | Found a staircase to the Lair.
 10506 | D:9      | Noticed a troll
 10510 | D:9      | Killed a troll
 10511 | D:9      | Reached XP level 10. HP: 42/58 MP: 8/24
 10615 | D:9      | Found a flagged portal.
 10624 | Bailey   | Entered a bailey
 10762 | Bailey   | Reached skill level 5 in Fighting
 10770 | Bailey   | Reached ** piety under Sif Muna
 11094 | Bailey   | Noticed a two-headed ogre
 11101 | Bailey   | Killed a two-headed ogre
 11634 | D:9      | Found Pearrac's Assorted Antiques.
 11642 | D:9      | Bought a metallic blue potion for 23 gold pieces
 11642 | D:9      | Bought a scroll of identify for 52 gold pieces
 11642 | D:9      | Bought a scroll labelled NAHIMO CETWI for 26 gold pieces
 11642 | D:9      | Bought a scroll of identify for 52 gold pieces
 12567 | D:9      | Noticed a centaur warrior
 12579 | D:9      | Reached XP level 11. HP: 56/64 MP: 12/26
 12582 | D:9      | Killed a centaur warrior
 12583 | D:9      | Reached skill level 1 in Armour
 12665 | D:9      | Noticed a six-headed hydra
 12738 | D:9      | Killed a six-headed hydra
 12739 | D:9      | Reached skill level 10 in Spellcasting
 12898 | D:9      | Noticed a seven-headed hydra
 12909 | D:9      | Killed a seven-headed hydra
 12963 | D:9      | Noticed a white ugly thing
 12969 | D:9      | Killed a white ugly thing
 13050 | D:9      | Identified the +2 ring mail of Jasmoabo {rN+ SInv}
 13072 | D:9      | Got the Papyrus of Black Secrets and Curses
 13145 | D:10     | Entered Level 10 of the Dungeon
 13393 | D:10     | Noticed a two-headed ogre
 13399 | D:10     | Killed a two-headed ogre
 13672 | D:10     | Reached *** piety under Sif Muna
 14435 | D:10     | Found a staircase to the Orcish Mines.
 14855 | D:10     | Noticed a boulder beetle
 14859 | D:10     | Killed a boulder beetle
 15100 | D:10     | Reached **** piety under Sif Muna
 15116 | D:10     | Noticed a deep elf pyromancer
 15122 | D:10     | Killed a deep elf pyromancer
 15225 | Lair:1   | Entered Level 1 of the Lair of Beasts
 15439 | Lair:1   | Reached skill level 10 in Dodging
 15463 | Lair:1   | Reached XP level 12. HP: 59/71 MP: 2/28
 15524 | Lair:1   | Found a dark tunnel.
 15531 | Volcano  | Entered a volcano
 15661 | Volcano  | Found a bloodstained altar of Trog.
 15661 | Volcano  | Noticed a centaur warrior
 15669 | Volcano  | Killed a centaur warrior
 15931 | Volcano  | Noticed a red draconian
 15937 | Volcano  | Killed a red draconian
 16289 | Lair:1   | Learned a level 5 spell: Lee's Rapid Deconstruction
 17142 | Lair:1   | Noticed a five-headed hydra
 17148 | Lair:1   | Killed a five-headed hydra
 17149 | Lair:1   | Reached skill level 10 in Earth Magic
 17430 | Lair:2   | Noticed a six-headed hydra
 17440 | Lair:2   | Killed a six-headed hydra
 18756 | Lair:2   | Noticed a seven-headed hydra
 18762 | Lair:2   | Killed a seven-headed hydra
 19316 | Lair:2   | Reached XP level 13. HP: 76/76 MP: 21/30
 19360 | Lair:2   | Learned a level 6 spell: Starburst
 20075 | Lair:3   | Reached ***** piety under Sif Muna
 20076 | Lair:3   | Reached skill level 1 in Fire Magic
 20607 | Lair:3   | Found a staircase to the Snake Pit.
 20796 | Lair:3   | Found a staircase to the Shoals.
 22446 | Lair:4   | Reached skill level 10 in Conjurations
 22452 | Lair:4   | Received a gift from Sif Muna
 22453 | Lair:4   | Reached skill level 5 in Armour
 22455 | Lair:4   | Got Sif Muna's Papyrus of Arcane Weapons {god gift}
 25391 | Lair:5   | Reached skill level 10 in Invocations
 25391 | Lair:5   | Reached XP level 14. HP: 84/84 MP: 4/33
 27320 | Lair:6   | Entered Level 6 of the Lair of Beasts
 27668 | Lair:6   | Reached skill level 5 in Fire Magic
 28249 | Lair:6   | Received a gift from Sif Muna
 28254 | Lair:6   | Got Bozi's Papyrus of the Supportive Blaze {god gift}
 28547 | Lair:6   | Found a staircase to the Slime Pits.
 30609 | Orc:1    | Entered Level 1 of the Orcish Mines
 30615 | Orc:1    | Noticed Harold
 30799 | Orc:1    | Killed Harold
 31081 | Orc:2    | Entered Level 2 of the Orcish Mines
 31726 | Orc:2    | Found a staircase to the Elven Halls.
 32789 | Orc:2    | Found Qisa's Assorted Antiques.
 33166 | Orc:2    | Reached XP level 15. HP: 89/89 MP: 28/35
 33669 | Orc:2    | Received a gift from Sif Muna
 33957 | Orc:2    | Got Sif Muna's Catalogue of Confrontation {god gift}
 33958 | Orc:2    | Found Itutayro's Antique Armour Emporium.
 33958 | Orc:2    | Found Miosiun's Assorted Antiques.
 33959 | Orc:2    | Found Xomp's Distillery.
 33960 | Orc:2    | Found Kuwyett's Book Boutique.
 34071 | Orc:2    | Learned a level 8 spell: Lehudib's Crystal Spear
 34083 | Orc:2    | Bought a potion of experience for 800 gold pieces
 34112 | Orc:2    | Bought a scroll labelled YPUAGG WORODIN for 25 gold pieces
 34637 | D:10     | Learned a level 5 spell: Fireball
 35919 | D:11     | Reached XP level 16. HP: 96/96 MP: 36/36
 36397 | D:12     | You fall into a shaft and drop 1 floor!
 37886 | D:12     | Received a gift from Sif Muna
 37889 | D:12     | Got Sif Muna's Disquisition on Icy Black Secrets {god gift}
 38313 | D:12     | Found Sici's Assorted Antiques.
 38579 | D:12     | Found Jiefri's Blood Bar.
 38768 | D:12     | Learned a level 4 spell: Flame Wave
 38938 | D:13     | Noticed Erolcha
 38944 | D:13     | Killed Erolcha
 39347 | D:13     | Found Tappusch's Weapon Shoppe.
 39411 | D:14     | Found a hide-covered altar of Uskayaw.
 41078 | D:14     | Reached skill level 15 in Spellcasting
 41201 | D:14     | Learned a level 5 spell: Lightning Bolt
 41236 | D:14     | Noticed Kirke
 41673 | D:14     | Killed Kirke
 41898 | D:14     | Found a gate to the Vaults.
 42424 | D:15     | Entered Level 15 of the Dungeon
 43308 | D:15     | Found a staircase to the Depths.
 43614 | D:15     | Reached XP level 17. HP: 59/101 MP: 4/38
 44623 | D:15     | Received a gift from Sif Muna
 44624 | D:15     | Got Sif Muna's Disquisition on Enthralling Air {god gift}
 45323 | Elf:1    | Entered Level 1 of the Elven Halls
 45346 | Elf:1    | Reached skill level 10 in Fighting
 45454 | Elf:1    | Found a radiant altar of Vehumet.
 45461 | Elf:1    | Noticed Jorgrun
 45938 | Snake:1  | Entered Level 1 of the Snake Pit
 46383 | Snake:1  | You fall into a shaft and drop 1 floor!
 46383 | Snake:2  | Found Giluom's Book Shoppe.
 46383 | Snake:2  | Found Pon Bitoy's Antique Armour Shoppe.
 46383 | Snake:2  | Found Gyzov's General Store.
 46393 | Snake:2  | Found Ygoal's Distillery.
 46737 | Snake:2  | Bought a potion of heal wounds for 65 gold pieces
 47242 | Snake:1  | Identified the +1 robe of the Crypt {Str+6 Int+2}
 47257 | Snake:1  | Identified the +8 dagger "Raisin" {drain, *Rage Fragile rN+
                  | Int+5}
 48030 | D:12     | Bought a blackened steel amulet for 125 gold pieces
 50123 | Snake:2  | Reached skill level 10 in Fire Magic
 51982 | Snake:3  | Reached skill level 15 in Dodging
 52552 | Snake:4  | Entered Level 4 of the Snake Pit
 52805 | Snake:4  | Killed from afar by a shock serpent

Illustrated notes

Levels and vault maps discovered:
D:1:      minmay_arrival_cross, layout_loops_ring, basic_ecumenical_altar,
          chequers_serial_rivers_micro_b, item_on_display_a
D:2:      layout_basic, minivault_19, grunt_decor_clamped
D:3:      layout_loops_cross, mainiacjoe_overflow_24_doors, hex_medium
D:4:      layout_basic, elyvilon_altar_5, mainiacjoe_overflow_alcove_2,
          uniq_sigmund, uniq_eustachio, uniq_crazy_yiuf_cottage
D:5:      layout_basic
D:6:      layout_basic, mainiacjoe_overflow_alcove_1,
          nicolae_ru_sacrificial_ziggurat, minmay_temple_entry_statues_pillars,
          minmay_hedge_maze, st_stairs_6,
          nicolae_concentric_dashed_squares_wild, uniq_pikel
D:7:      layout_basic, serial_shops, nicolae_inconvenience_store
D:8:      layout_layer_cave, mainiacjoe_overflow_six_doors_small, serial_shops,
          nicolae_shop_window_shopping, minmay_misc_feat_cross
D:9:      minmay_the_grid_3x2 [minmay_the_grid_minigrid_large,
          minmay_the_grid_outer_circle, minmay_the_grid_dragon_a,
          minmay_the_grid_garden, minmay_the_grid_paths,
          minmay_the_grid_prize_trominoes], layout_loops_corners,
          lair_entry_dummy, serial_shops, shop_fountains, enter_bailey_4
D:10:     minmay_cornered_nines, layout_small_grid, zombieorc1_lemuel
D:11:     minmay_bloctagon_deflated, layout_cave_pools
D:12:     minmay_cut_squares, layout_irregular_city, serial_shops,
          nicolae_shop_behind_doors, guppyfry_shop_blood
D:13:     layout_roguey, serial_shops, nicolae_shop_window_shopping,
          hangedman_abyss_or_decor_lesser_grid, uniq_erolcha
D:14:     layout_stronghold, lightli_vaults_fourway_checkpoint,
          kennysheep_crisscross, nicolae_uskayaw_murder_on_the_dancefloor,
          uniq_kirke
D:15:     grunt_enter_depths_hoard, layout_loops_cross,
          chequers_serial_rivers_micro_c
Temple:   eino_temple_rhombus
Lair:1:   cheibrodos_lair_river_kwai, layout_misc_corridors, serial_rivers,
          chequers_serial_rivers_micro_c, chequers_serial_rivers_micro_d,
          chequers_serial_rivers_micro_a, chequers_serial_rivers_micro_c,
          nicolae_volcano_entry_lava_flow, lemuel_fruit_fields
Lair:2:   nzn_winding_woodlands_cross [nzn_winding_woodlands_5x15_longhouse,
          nzn_winding_woodlands_5x15_jagged,
          nzn_winding_woodlands_5x15_lazy_stream,
          nzn_winding_woodlands_5x15_pool,
          nzn_winding_woodlands_15x15_five_gardens], layout_chaotic_city,
          infiniplex_staircase_pool
Lair:3:   layout_cellular_growth, minmay_shoals_entry_lonely_mermaid,
          dummy_snake_entry, beast_lair_carwin_2, lemuel_fruit_fields
Lair:4:   layout_small_grid, grunt_megastairs_1, serial_bayou_shore_a
Lair:5:   layout_cave_shapes
Lair:6:   hangedman_lair_in_review, layout_gridlike,
          nicolae_slime_entry_slimehenge, nzn_sisyphean_effort
Snake:1:  layout_gridlike
Snake:2:  layout_misc_corridors, grunt_megastairs_2, minmay_shoptagon
Snake:3:  layout_basic
Snake:4:  minmay_snake_end_coiled, layout_layer_cave
Orc:1:    layout_caves, basic_altar, uniq_harold
Orc:2:    st_orc_elflike, layout_caves, serial_shops, nicolae_shop_behind_doors
Elf:1:    eino_elf_arrival_altar, layout_gridlike, hangedman_elf_disciples,
          hellmonk_guarded_unrand_damnation, uniq_roxanne, uniq_jorgrun

Skill      XL: |  1  2  3  4  5  6  7  8  9 10 11 12 13 14 15 16 17 |
---------------+----------------------------------------------------+-----
Dodging        | 3 4 5 6 7 8 10 11 12 13 14 15 | 15.1
Fighting       | 1 2 3 4 5 6 7 8 9 10 | 10.6
Spellcasting   | 4 5 6 7 8 9 10 11 13 14 15 | 15.0
Conjurations   | 1 2 3 5 6 7 8 9 10 11 12 13 14 | 14.0
Earth Magic    | 4 5 6 7 8 9 10 11 12 13 14 | 14.5
Invocations    | 1 3 5 6 7 8 10 11 12 13 | 13.2
Armour         | 3 4 5 |  5.0
Transmutations | 2 4 |  4.0
Fire Magic     | 4 6 7 9 10 | 10.0
Stealth        | |  2.4

Action                   |  1- 3 |  4- 6 |  7- 9 | 10-12 | 13-15 | 16-18 || total
-------------------------+-------+-------+-------+-------+-------+-------++-------
Melee: Short sword       |    93 |    80 |     6 |       |       |       ||   179
       Punch             |       |     2 |       |     1 |     1 |     1 ||     5
       Whip              |       |    34 |     1 |       |       |       ||    35
       Rapier            |       |       |    34 |    18 |       |       ||    52
       Staff             |       |       |       |     7 |    51 |    26 ||    84
Throw: Dart              |    11 |     2 |       |       |       |       ||    13
       Stone             |     1 |       |       |       |       |       ||     1
 Cast: Sandblast         |    32 |    17 |    19 |    42 |   105 |    22 ||   237
       Stone Arrow       |       |    19 |   116 |   328 |   708 |   677 ||  1848
       Fireball          |       |       |       |       |     2 |    23 ||    25
       Lightning Bolt    |       |       |       |       |       |    42 ||    42
       Lee's Rapid Decon |       |       |       |       |       |     1 ||     1
       Starburst         |       |       |       |       |       |     5 ||     5
       Flame Wave        |       |       |       |       |       |     5 ||     5
Evoke: Wand              |       |       |       |       |       |     2 ||     2
  Use: Scroll            |       |       |    19 |    16 |     4 |    12 ||    51
       Potion            |       |       |       |     2 |     2 |     6 ||    10
 Stab: Sleeping          |     1 |     1 |       |       |       |       ||     2
Armor: Robe              |    25 |    25 |    23 |     3 |       |       ||    76
       Acid dragon scale |       |       |       |    12 |       |       ||    12
       Ring mail         |       |       |       |    73 |   242 |   185 ||   500
Dodge: Dodged            |    77 |    81 |    45 |   170 |   478 |   360 ||  1211

Table legend: (Time is in decaauts)
 A = Elapsed time spent in this place.
 B = Non-inter-level travel time spent in this place.
 C = Inter-level travel time spent in this place.
 D = Time resting spent in this place.
 E = Time spent auto-exploring this place.
 F = Levels seen in this place.
 G = Mean time per level.
                   A        B        C        D        E       F      G
               +--------+--------+--------+--------+--------+-----+--------+
         Total |  53053 |  50457 |   2596 |  24459 |  16293 |  31 | 1711.4 |
       Dungeon |  25961 |  24646 |   1315 |  10119 |   9753 |  15 | 1730.7 |
        Temple |    182 |    165 |     17 |      0 |    153 |   1 |  182.0 |
          Lair |  15419 |  14431 |    988 |   7833 |   4298 |   6 | 2569.8 |
     Snake Pit |   5992 |   5864 |    128 |   3121 |   1453 |   4 | 1498.0 |
  Orcish Mines |   3844 |   3698 |    146 |   2251 |    627 |   2 | 1922.0 |
   Elven Halls |    161 |    161 |      0 |    100 |      8 |   1 |  161.0 |
        Bailey |    810 |    810 |      0 |    568 |      0 |   1 |  810.0 |
       Volcano |    679 |    679 |      0 |    467 |      0 |   1 |  679.0 |
               +--------+--------+--------+--------+--------+-----+--------+

Top non-repeatable levels by time:
  Lair:4: 3650 daAuts
  Lair:3: 3105 daAuts
  Lair:6: 3066 daAuts
  Lair:2: 2772 daAuts
    D:10: 2769 daAuts
 Snake:2: 2704 daAuts
    D:14: 2621 daAuts
    D:15: 2432 daAuts
   Orc:2: 2430 daAuts
     D:9: 2361 daAuts
    D:13: 2315 daAuts
 Snake:1: 1758 daAuts
    D:11: 1713 daAuts
     D:4: 1700 daAuts
    D:12: 1577 daAuts
